AoeStats
← Snobyman

Lombardia

509250331Analyzed
4v4 RM · 7d ago on Sep 26, 2026· 72m 20s· 8 players
Game mode
Random Map
Map size
Large (8 player)
Population
200
Speed
Normal
Resources
Standard
Victory
Conquest
Starting age
Dark Age
Ending age
Imperial Age
RankedLock teamsTeams togetherTeam positionsShared explorationLock speedFull tech treeHidden civsTurbo modeCheats
Victory
Defeat
🇺🇸 Goths · United States
655
+9
🇹🇷 Turks · Türkiye
637
+10
🇺🇸 Saracens · United States
619
+11
🇲🇽 Wei · Mexico
293
+24
🇲🇽 Japanese · Mexico
542
-15
🇺🇸 Persians · United States
510
-14
🇦🇺 Danes · Australia
473
-13
🇲🇽 Portuguese · Mexico
448
-12
Snobyman
1:10 Loom
17:52 Feudal Age
19:30 Wheelbarrow
19:11 Gold Mining
21:55 Stone Mining
21:50 Horse Collar
22:01 Double-Bit Axe
25:19 Castle Age
27:04 Hand Cart
26:54 Heavy Plow
27:10 Bow Saw
27:44 Gold Shaft Mining
27:47 Stone Shaft Mining
29:02 Caravan
29:32 Coinage
35:05 Imperial Age
33:04 Hamask
36:23 Ballistics
35:54 Heated Shot
42:56 Banking
44:41 Chemistry
43:52 Masonry
43:48 Siege Engineers
43:53 Scale Barding Armor
44:05 Northmen's Fury
45:21 Hoardings
50:25 Elite Jomsviking
51:49 Conscription
55:09 Murder Holes
55:04 Guard Tower
54:59 Arrowslits
55:29 Forging
55:19 Scale Mail Armor
55:40 Chain Barding Armor
55:10 Fletching
55:21 Padded Archer Armor
55:39 Elite Varangian Guard
56:05 Arson
56:20 Squires
56:05 Gambesons
59:54 Thumb Ring
59:16 Crossbowman
60:32 Heavy Mounted Crossbowman
60:32 Cranequins
63:20 Iron Casting
63:00 Chain Mail Armor
63:21 Plate Barding Armor
62:41 Bodkin Arrow
63:02 Leather Archer Armor
66:35 Blast Furnace
66:06 Plate Mail Armor
Goku18996640
1:20 Loom
13:41 Feudal Age
19:50 Double-Bit Axe
20:25 Bloodlines
22:28 Gold Mining
22:28 Stone Mining
26:33 Castle Age
25:59 Forging
27:16 Caravan
27:47 Coinage
29:44 Bow Saw
34:32 Coinage
36:06 Wheelbarrow
35:17 Town Watch
35:36 Horse Collar
36:27 Ballistics
41:13 Imperial Age
39:03 Hand Cart
41:36 Elite Organ Gun
44:04 Banking
43:44 Guilds
44:48 Iron Casting
44:04 Fletching
44:18 Padded Archer Armor
44:18 Scale Mail Armor
44:32 Heated Shot
45:43 Chemistry
45:04 Treadmill Crane
45:23 Murder Holes
45:39 Fortified Wall
45:56 Town Patrol
50:28 Blast Furnace
49:24 Bodkin Arrow
49:45 Leather Archer Armor
49:45 Chain Mail Armor
49:51 Guard Tower
51:19 Two-Man Saw
71:21 Pikeman
SrAbraham994
14:37 Feudal Age
16:06 Wheelbarrow
15:35 Man-at-Arms
20:16 Loom
24:07 Horse Collar
24:17 Double-Bit Axe
26:42 Forging
26:33 Scale Mail Armor
26:34 Padded Archer Armor
27:27 Town Watch
31:34 Castle Age
29:46 Arson
34:16 Scale Barding Armor
34:02 Fletching
34:39 Hand Cart
33:48 Crossbowman
34:34 Thumb Ring
33:50 Elite Skirmisher
33:58 Long Swordsman
34:24 Gambesons
34:40 Squires
34:00 Pikeman
35:01 Chain Mail Armor
35:22 Iron Casting
38:39 Heavy Plow
38:52 Bow Saw
38:34 Gold Mining
38:37 Stone Mining
38:14 Light Cavalry
39:04 Bloodlines
38:55 Husbandry
39:32 Murder Holes
40:36 Gold Shaft Mining
41:42 Fortified Wall
43:59 Coinage
43:30 Caravan
44:14 Masonry
46:15 Treadmill Crane
46:54 Leather Archer Armor
46:34 Bodkin Arrow
47:00 Chain Barding Armor
49:31 Imperial Age
51:30 Chemistry
50:17 Arrowslits
50:39 Siege Engineers
51:24 Hoardings
51:39 Elite Samurai
52:42 Conscription
52:24 Yasama
59:00 Two-Man Saw
GroaningCoyote3
1:10 Loom
12:22 Feudal Age
14:27 Double-Bit Axe
19:23 Bloodlines
23:08 Castle Age
22:57 Horse Collar
23:54 Husbandry
30:16 Wheelbarrow
37:42 Imperial Age
35:53 Forging
35:49 Scale Barding Armor
37:11 Hand Cart
37:40 Gold Mining
37:41 Stone Mining
42:08 Gold Shaft Mining
42:11 Iron Casting
40:59 Cavalier
42:26 Savar
44:11 Conscription
46:42 Stone Shaft Mining
49:19 Blast Furnace
49:45 Chain Barding Armor
52:16 Kamandaran
52:28 Citadels
56:37 Crossbowman
58:29 Bow Saw
59:51 Thumb Ring
bigbaloopa
0:39 Loom
13:06 Feudal Age
13:53 Double-Bit Axe
16:03 Horse Collar
18:09 Wheelbarrow
21:30 Castle Age
19:29 Stone Mining
21:30 Gold Mining
24:43 Caravan
25:43 Bow Saw
30:24 Hand Cart
31:13 Heavy Plow
31:26 Fortified Wall
32:37 Pikeman
41:50 Imperial Age
39:15 Town Watch
40:21 Ballistics
39:23 Man-at-Arms
40:04 Squires
39:49 Arson
39:50 Gambesons
43:09 Conscription
42:12 Elite Mameluke
42:16 Long Swordsman
44:18 Gold Shaft Mining
44:47 Chemistry
45:08 Two-Handed Swordsman
46:03 Crossbowman
46:51 Thumb Ring
46:08 Elite Skirmisher
46:31 Champion
47:27 Arbalester
49:49 Two-Man Saw
48:46 Guard Tower
48:42 Arrowslits
49:12 Capped Ram
50:52 Padded Archer Armor
50:42 Fletching
51:03 Forging
50:59 Scale Barding Armor
50:55 Scale Mail Armor
55:54 Leather Archer Armor
55:35 Bodkin Arrow
56:15 Iron Casting
55:56 Chain Mail Armor
56:02 Chain Barding Armor
57:38 Onager
58:40 Siege Ram
58:54 Siege Onager
AdamSandlerGOAT
12:31 Feudal Age
19:08 Castle Age
22:11 Caravan
23:22 Double-Bit Axe
23:21 Horse Collar
23:34 Stone Mining
23:48 Loom
24:55 Stone Shaft Mining
24:24 Heavy Plow
28:19 Bow Saw
29:59 Gold Mining
30:33 Anarchy
32:24 Squires
31:44 Pikeman
32:42 Town Watch
33:32 Wheelbarrow
36:40 Imperial Age
35:18 Hand Cart
36:12 Town Patrol
36:26 Scale Mail Armor
36:10 Treadmill Crane
36:26 Murder Holes
36:52 Ballistics
38:06 Conscription
37:48 Perfusion
38:44 Chain Mail Armor
38:39 Forging
38:32 Padded Archer Armor
38:22 Fletching
39:42 Chemistry
39:47 Crop Rotation
38:52 Elite Skirmisher
43:08 Elite Huskarl
45:42 Iron Casting
45:03 Bodkin Arrow
45:23 Leather Archer Armor
45:14 Scale Barding Armor
48:45 Ring Archer Armor
48:16 Bracer
49:17 Blast Furnace
48:25 Halberdier
Wendy9235
1:09 Loom
15:02 Feudal Age
15:36 Horse Collar
16:39 Double-Bit Axe
19:21 Wheelbarrow
18:55 Town Watch
24:53 Castle Age
23:42 Bloodlines
26:06 Town Patrol
25:37 Elite Skirmisher
27:52 Husbandry
27:13 Light Cavalry
28:44 Heavy Plow
30:47 Hand Cart
30:42 Stone Mining
31:41 Gold Mining
33:55 Caravan
34:27 Coinage
34:04 Crossbowman
36:36 Forging
36:27 Scale Mail Armor
36:33 Scale Barding Armor
36:53 Ballistics
36:15 Treadmill Crane
38:22 Fervor
42:10 Imperial Age
40:55 Stone Shaft Mining
40:40 Masonry
40:56 Man-at-Arms
41:23 Arson
43:12 Bow Saw
43:40 Crop Rotation
45:19 Banking
46:23 Gold Shaft Mining
46:15 Sanctity
45:56 Devotion
46:12 Block Printing
46:23 Illumination
46:34 Theocracy
46:46 Iron Casting
46:13 Padded Archer Armor
48:41 Blast Furnace
47:57 Chain Mail Armor
47:38 Guard Tower
48:34 Capped Ram
49:43 Chain Barding Armor
51:34 Leather Archer Armor
51:10 Fletching
50:50 Heavy Hei Guang Cavalry
53:26 Long Swordsman
53:27 Pikeman
54:08 Squires
54:22 Fortified Wall
56:07 Parthian Tactics
58:00 Conscription
62:52 Chemistry
62:29 Keep
61:45 Heated Shot
64:24 Faith
64:14 Thumb Ring
65:46 Ring Archer Armor
65:12 Bodkin Arrow
68:26 Heavy Scorpion
70:04 Onager
71:03 Elite Tiger Cavalry
72:31 Murder Holes
Dmitry Petrovich
18:34 Loom
20:19 Feudal Age
24:12 Wheelbarrow
23:23 Town Watch
23:30 Gold Mining
23:30 Stone Mining
23:28 Double-Bit Axe
23:28 Horse Collar
25:03 Forging
24:44 Fletching
24:54 Padded Archer Armor
24:55 Scale Mail Armor
25:00 Scale Barding Armor
27:58 Castle Age
28:56 Caravan
29:27 Coinage
29:18 Hand Cart
29:04 Town Patrol
29:02 Bodkin Arrow
29:23 Leather Archer Armor
35:00 Murder Holes
35:26 Ballistics
35:43 Husbandry
35:54 Bloodlines
38:21 Imperial Age
38:26 Masonry
37:57 Treadmill Crane
40:22 Architecture
39:38 Arrowslits
39:20 Elite Janissary
43:39 Sappers
44:31 Conscription
44:50 Hoardings
44:38 Sipahi
44:59 Banking
44:39 Guilds
45:14 Artillery
53:41 Bow Saw
53:36 Bracer
54:07 Ring Archer Armor
53:44 Heavy Plow
54:25 Gold Shaft Mining
57:19 Squires
57:04 Arson
56:40 Man-at-Arms
57:12 Heated Shot
57:35 Fortified Wall
58:14 Redemption
58:05 Atonement
58:16 Fervor
58:06 Devotion
58:26 Sanctity
58:27 Heresy
58:43 Theocracy
Connection lost

Rejoining the realm…

Still unreachable

The connection could not be restored.

Session expired

The server has moved on; the page needs a fresh start.